 Dungeon Crawl Stone Soup version 0.23-a0-4-g8f018a2 (webtiles) character file.

44 MatthieuS the Skirmisher (level 3, 0/29 HPs)
             Began as a Demonspawn Wanderer on July 31, 2018.
             Slain by a hobgoblin
             ... wielding a +0 club
             ... led by Robin
              (5 damage)
             ... on level 2 of the Dungeon.
             The game lasted 00:03:29 (1127 turns).

MatthieuS the Skirmisher (Demonspawn Wanderer)      Turns: 1127, Time: 00:03:29

Health: 0/29       AC:  5    Str: 14    XL:     3   Next: 41%
Magic:  3/3        EV: 10    Int: 12    God:
Gold:   52         SH:  0    Dex: 12    Spells: 2/2 levels left

rFire    . . .     SeeInvis .     - Unarmed
rCold    . . .     Gourm    .   (no shield)
rNeg     . . .     Faith    .   g - +0 ring mail
rPois    .         Spirit   .   (no helmet)
rElec    .         Reflect  .   (no cloak)
rCorr    .         Harm     .   (no gloves)
MR       .....                  (no boots)
Stlth    +.........             (no amulet)
HPRegen  0.09/turn              (no ring)
MPRegen  0.08/turn              (no ring)

@: no status effects
A: claws 1, demonic guardian 1
a: no special abilities


You were on level 2 of the Dungeon.
You were not hungry.

You visited 1 branch of the dungeon, and saw 2 of its levels.

You collected 52 gold pieces.

Inventory:

Hand Weapons
 w - a +2 blowgun
Missiles
 b - 22 arrows
 d - 2 curare-tipped needles {!f}
 k - a throwing net (quivered) {!f}
Armour
 f - a +0 robe
 g - a +0 ring mail (worn)
   (You found it on level 1 of the Dungeon)
Jewellery
 j - an uncursed ring of fire {unknown}
   (You found it on level 1 of the Dungeon)
Scrolls
 h - 2 scrolls of identify {unknown}
 l - 2 scrolls of remove curse {unknown}
Potions
 a - a potion of curing {unknown}
 c - a potion of mutation {unknown}
 i - a potion of haste {unknown}
Comestibles
 e - a ration
 m - 2 chunks of flesh


   Skills:
 + Level 3.4 Fighting
   Level 2.1 Axes
 - Level 1.7 Throwing
 - Level 2.7 Armour
 - Level 0.4 Dodging
 * Level 1.6 Unarmed Combat


You had 2 spell levels left.
You didn't know any spells.
Your spell library was empty.

Dungeon Overview and Level Annotations

Branches:
Dungeon (2/15)

Altars:


Innate Abilities, Weirdness & Mutations

You have sharp fingernails.
A weak demonic guardian rushes to your aid.


Message History

You closely miss the goblin. You scratch the goblin.
The goblin barely misses you.
You scratch the goblin.
You kill the goblin!
Robin hits you with a mace.
You scratch Robin. Robin hits you with a mace.
A goblin comes into view.
You scratch Robin.
Robin roars a battlecry!
The goblin goes into a battle-frenzy!
You hear a shout! x5
You scratch Robin. You scratch Robin.
A hobgoblin comes into view. It is wielding a club.
Robin throws the goblin at you! The goblin hits you.
You completely miss Robin.
The hobgoblin shouts!
You hear a shout!
A hobgoblin comes into view. It is wielding a club.
Robin hits you but does no damage. The goblin hits you but does no damage.
You scratch Robin.
Robin roars a battlecry!
The goblin hits you.
You scratch Robin. The hobgoblin barely misses you.
A goblin comes into view. It is wielding a dagger.
Robin hits you with a mace.
* * * LOW HITPOINT WARNING * * *
The goblin completely misses you.
You scratch Robin but do no damage. The hobgoblin closely misses you.
The goblin hits you but does no damage.
Unknown command.
You scratch Robin.
You kill Robin!
The hobgoblin hits you but does no damage.
The goblin barely misses you.
Unknown command.
You barely miss the goblin. The hobgoblin barely misses you.
The hobgoblin hits you with a club.
* * * LOW HITPOINT WARNING * * *
A goblin comes into view.
The goblin barely misses you.
You closely miss the goblin.
The goblin shouts!
The hobgoblin hits you with a club.
* * * LOW HITPOINT WARNING * * *
The hobgoblin barely misses you. The goblin hits you.
* * * LOW HITPOINT WARNING * * *
You claw the goblin!
You kill the goblin!
The hobgoblin hits you with a club.
You die...

### ..#
####.#####
######.........
>...g..ggg#
gg.#####gg# ##@#
#†# #.# #.## #..#
##.#######
#######..##...###
..........+......
..
########..#...##
#.#


You could see 3 hobgoblins and 2 goblins.

Vanquished Creatures
  Robin (D:2)
  A dart slug (D:1)
  A ball python (D:1)
  6 goblins
  3 hobgoblins (D:1)
  6 jackals (D:1)
  5 bats (D:1)
  2 kobolds (D:1)
  A rat (D:1)
26 creatures vanquished.

Notes
Turn   | Place    | Note
-------+----------+-------------------------------------------
     0 | D:1      | MatthieuS the Demonspawn Wanderer began the quest for the Orb.
     0 | D:1      | MatthieuS set off with: 2 curare-tipped needles {!f}, a +2 blowgun, a +0 mace, a +0 hand axe, a ration, a +0 robe
     0 | D:1      | Reached XP level 1. HP: 18/18 MP: 1/1
   273 | D:1      | Gained mutation: You have sharp fingernails. [demonic ancestry]
   273 | D:1      | Reached XP level 2. HP: 14/24 MP: 2/2
   654 | D:1      | Reached skill level 1 in Unarmed Combat
   806 | D:1      | Gained mutation: A weak demonic guardian rushes to your aid. [demonic ancestry]
   806 | D:1      | Reached XP level 3. HP: 28/29 MP: 3/3
  1107 | D:2      | Noticed Robin
  1124 | D:2      | Killed Robin
  1127 | D:2      | Slain by a hobgoblin

Vault maps used:
D:1:      minmay_arrival_checkered_box, minmay_misc_feat_tower
D:2:      gammafunk_temple_overflow_pools, uniq_robin

Skill      XL: |  1  2 |
---------------+-------+-----
Axes           | 2 |  2.1
Unarmed Combat | 1 |  1.6
Fighting       | |  3.4
Throwing       | |  1.7
Armour         | |  2.7
Dodging        | |  0.4

Action                   || total
-------------------------++-------
Melee: Hand axe          ||    23
       Unarmed           ||    83
  Eat: Chunk             ||     1
Armor: Ring mail         ||    42
       Robe              ||     1
Dodge: Dodged            ||    69

Table legend:
 A = Spawn XP
 B = Non-spawn XP
 C = Spawn XP percentage of total XP
 D = Spawn monster count
 E = Non-spawn monster count
 F = Spawn count percentage of total count
 G = Total turns spent on level
                    A         B        C        D         E        F      G
               +---------+---------+-------+---------+---------+-------+---------
         Total |       0 |      64 |   0.0 |       0 |      26 |   0.0 |  1127
               +---------+---------+-------+---------+---------+-------+---------
           D:1 |       0 |      42 |   0.0 |       0 |      22 |   0.0 |  1068
           D:2 |       0 |      22 |   0.0 |       0 |       4 |   0.0 |    59
               +---------+---------+-------+---------+---------+-------+---------
